 Dungeon Crawl Stone Soup version 0.31.0-32-g396128a36d (webtiles) character file.

Game seed: 6784506056024209696

2821 Modestlyawesome the Destroyer (level 9, 0/67 HPs)
             Began as a Pale Draconian Conjurer on Apr 9, 2024.
             Was a Priest of Cheibriados.
             Slain by a manticore (2 damage)
             ... on level 7 of the Dungeon.
             The game lasted 00:28:36 (10004 turns).

Modestlyawesome the Destroyer (DrCj)               Turns: 10004, Time: 00:28:37

Health: 0/67       AC:  9    Str: 19    XL:     9   Next: 45%
Magic:  5/12       EV: 12    Int: 28    God:    Cheibriados [***...]
Gold:   405        SH:  0    Dex: 15    Spells: 0/12 levels left

rFire   . . .        r - +1 short sword (venom)
rCold   + . .        (no shield)
rNeg    . . .        (body armour unavailable)
rPois   .            (helmet restricted)
rElec   .            (no cloak)
rCorr   .            m - +1 pair of gloves
SInv    .            (no boots)
Will    .....        s - amulet of the acrobat
Stlth   ++           l - ring of protection from cold
HPRegen 0.31/turn    f - ring of flight
MPRegen 0.13/turn

%: acrobat
@: flying, very slow
A: breathe steam, AC +7, unfitting armour, cold-blooded, steam resistance,
strong 1
a: Breathe Steam, Renounce Religion, Bend Time, Temporal Distortion


You were on level 7 of the Dungeon.
You worshipped Cheibriados.
Cheibriados was most pleased with you.
You visited 2 branches of the dungeon, and saw 8 of its levels.
You also visited: Ossuary.

You collected 405 gold pieces.

Inventory:

Hand Weapons
 r - a +1 short sword of venom (weapon)
Armour
 m - a +1 pair of gloves (worn)
Jewellery
 c - an amulet of reflection
 f - a ring of flight (right hand)
 l - a ring of protection from cold (left hand)
 p - a ring of protection from fire
 s - an amulet of the acrobat (around neck)
Talismans
 h - a dragon-blood talisman
Wands
 b - a wand of flame (20)
 j - a wand of charming (9)
Scrolls
 a - 6 scrolls of identify
 i - a scroll of noise
 n - a scroll of brand weapon {unknown}
 o - 2 scrolls of revelation {unknown}
 q - 2 scrolls of amnesia {unknown}
 u - a scroll of silence {unknown}
 v - 2 scrolls of fog
Potions
 d - 3 potions of mutation
 e - a potion of resistance
 t - a potion of enlightenment


   Skills:
 - Level 2.0 Fighting
 - Level 1.7 Dodging
 - Level 1.7 Stealth
 - Level 2.3 Spellcasting
 * Level 12.1 Conjurations
 * Level 0.9 Necromancy
 + Level 2.1 Ice Magic
 * Level 4.1 Air Magic
 - Level 2.7 Alchemy


You couldn't memorise any spells.
You knew the following spells:

 Your Spells              Type           Power      Damage    Failure   Level
a - Magic Dart            Conj           100%       1d8       1%          1
b - Mephitic Cloud        Conj/Alch/Air  38%        N/A       1%          3
c - Mercury Vapours       Alch/Air       44%        N/A       3%          2
d - Freezing Cloud        Conj/Ice/Air   18%        6-21      21%         5
e - Necrotise             Necr           32%        1d5       6%          1

Your spell library contained the following spells:

 Spells                   Type           Power      Damage    Failure   Level
 Searing Ray              Conj           100%       2d8       1%          2
 Hailstorm                Conj/Ice       43%        3d9       1%          3
 Fulminant Prism          Conj/Alch      22%        3d12      4%          4
 Iskenderun's Mystic Bla  Conj/Tloc      37%        2d9       8%          4
 Ozocubu's Armour         Ice            15%        N/A       11%         3
 Summon Ice Beast         Ice/Summ       9%         N/A       17%         3
 Vampiric Draining        Necr           8%         2d6       19%         3
 Volatile Blastmotes      Fire/Tloc      6%         2d10      26%         3
 Martyr's Knell           Necr/Summ      5%         N/A       58%         4
 Metabolic Englaciation   Hex/Ice        4%         N/A       85%         5
 Curse of Agony           Necr           8%         N/A       86%         5
 Sculpt Simulacrum        Ice/Alch       8%         N/A       99%         6


Dungeon Overview and Level Annotations

Branches:
Dungeon (7/15)             Temple (1/1) D:4         Ossuary (visited)

Altars:
Ashenzari
Cheibriados
Elyvilon
Fedhas
Hepliaklqana
Kikubaaqudgha
Nemelex Xobeh
Okawaru
Qazlal
Ru
Trog
Uskayaw
Wu Jian
Xom
Yredelemnul
Zin


Innate Abilities, Weirdness & Mutations

You can breathe blasts of scalding, opaque steam.
Your pale cyan-grey scales are hard. (AC +7)
You cannot fit into any form of body armour.
You are cold-blooded and may be slowed by cold attacks.
You are immune to the effects of steam.
Your muscles are strong. (Str +4, Int/Dex -1)


Message History

The manticore is engulfed in noxious fumes.
The sleepcap releases spores at you.
You hit the sleepcap.
The sleepcap is heavily damaged.
The killer bee is engulfed in noxious fumes.
The killer bee appears confused.
The sleepcap releases spores at you.
You hit the sleepcap but do no damage. You tail-slap the sleepcap.
The sleepcap is heavily damaged.
You carefully extract the barbed spikes from your body.
The sleepcap releases spores at you but does no damage.
You hit the sleepcap.
You punch the sleepcap, but do no damage.
The sleepcap is severely damaged.
The killer bee is engulfed in noxious fumes.
The killer bee appears confused.
The manticore is engulfed in noxious fumes.
The sleepcap releases spores at you but does no damage.
You hit the manticore.
The manticore is poisoned.
The manticore is lightly wounded.
The manticore bites the killer bee but does no damage.
The manticore claws the killer bee.
The manticore claws the killer bee!
The sleepcap barely misses you.
You hit the manticore.
The manticore looks as sick as possible!
The manticore is lightly wounded.
The manticore seems less confused.
The killer bee is engulfed in noxious fumes.
The killer bee appears confused.
The iguana barely misses you. The manticore bites you!
The manticore barely misses you. The manticore claws you.
The sleepcap releases spores at you.
You are engulfed in a cloud of soporific spores!
You fall asleep.
The killer bee barely misses the manticore.
The killer bee stings itself but does no damage.
The manticore bites you!!
You wake up.
* * * LOW HITPOINT WARNING * * *
The manticore claws you.
* * * LOW HITPOINT WARNING * * *
The manticore claws you.
You die...

#≈##^.§≈#§#..#
#.###§..^#^≈.#
##^^^^^..(^.^.#
#......_......#
#§§.......≈≈(.#
#.≈(#§.§^###§.#
#.^###§§≈#§.≈.#
#..#^#..(l##≈§#
#..^..^.@Hy§§.###
##.......f°§..§.###
#########..###...###
#### ##...###...####
#..# #.......##....##
##.###.......#####..#
#..##.......# ##..
#...........# #.#
##.##.......## #..#


You could see a manticore (extremely poisoned), a sleepcap, an iguana and a
killer bee (confused).

Vanquished Creatures
  A steam dragon (D:5)
  An ice beast (D:6)
  An orc warrior (D:7)
  A phantom (D:5)
  2 bullfrogs (D:6)
  8 scorpions
  3 wights (D:6)
  8 killer bees (D:7)
  6 howler monkeys
  3 bombardier beetles
  6 hounds
  3 jellies
  An orc priest (D:5)
  4 human zombies (Ossuary)
  5 iguanas
  A scorpion zombie (Ossuary)
  Natasha (thrice) (D:2)
  3 orc wizards
  2 hound zombies (D:4)
  A hound skeleton (D:4)
  3 mummies (Ossuary)
  8 adders
  2 shadow imps (D:6)
  A white imp (D:5)
  2 adder zombies (D:4)
  3 adder skeletons (D:4)
  A ribbon worm (D:3)
  14 orcs
  3 bats
  5 endoplasms
  3 giant cockroaches
  2 gnoll zombies (Ossuary)
  5 goblins
  9 hobgoblins
  3 jackals (D:4)
  3 quokkas
  10 ball pythons
  2 ball python zombies (Ossuary)
  3 frilled lizards
  4 jackal zombies (Ossuary)
  5 kobolds
  4 orc zombies (Ossuary)
  8 rats
166 creatures vanquished.

Notes
Turn   | Place    | Note
-------+----------+-------------------------------------------
     0 | D:1      | Modestlyawesome the Draconian Conjurer began the quest for
                  | the Orb.
     0 | D:1      | Reached XP level 1. HP: 14/14 MP: 3/3
   543 | D:1      | Reached XP level 2. HP: 20/20 MP: 1/5
  1369 | D:2      | Found a faded altar of an unknown god.
  1385 | D:2      | Noticed Natasha
  1391 | D:2      | Killed Natasha
  1392 | D:2      | Reached skill level 5 in Conjurations
  1392 | D:2      | Reached XP level 3. HP: 12/26 MP: 0/6
  1528 | D:2      | Noticed Natasha
  1543 | D:2      | Killed Natasha
  1544 | D:2      | Reached XP level 4. HP: 18/33 MP: 0/7
  1611 | D:2      | Noticed Natasha
  1854 | D:2      | Killed Natasha
  2250 | D:2      | Reached skill level 6 in Conjurations
  2661 | D:3      | Learned a level 3 spell: Mephitic Cloud
  2759 | D:3      | Reached XP level 5. HP: 38/38 MP: 4/8
  3756 | D:4      | You fall into a shaft and drop 1 floor!
  3756 | D:5      | Entered Level 5 of the Dungeon
  3790 | D:5      | Reached skill level 1 in Air Magic
  3790 | D:5      | Reached skill level 1 in Alchemy
  3790 | D:5      | Reached XP level 6. HP: 45/45 MP: 3/9
  3893 | D:4      | Reached skill level 7 in Conjurations
  3915 | D:4      | Found a sand-covered staircase.
  3942 | Ossuary  | Entered an ossuary
  4011 | Ossuary  | Learned a level 2 spell: Mercury Vapours
  4765 | Ossuary  | Your scales start taking on a pale cyan-grey colour.
  4765 | Ossuary  | Reached XP level 7. HP: 36/50 MP: 0/10
  4765 | Ossuary  | Gained mutation: You are immune to the effects of steam.
                  | [Pale Draconian growth]
  4871 | Ossuary  | Reached skill level 8 in Conjurations
  5248 | Ossuary  | Gained mutation: Your muscles are strong. (Str +4, Int/Dex
                  | -1) [potion of mutation]
  5827 | D:4      | Found a staircase to the Ecumenical Temple.
  5836 | Temple   | Entered the Ecumenical Temple
  5906 | Temple   | Became a worshipper of Cheibriados the Contemplative
  6166 | D:5      | Reached skill level 9 in Conjurations
  6180 | D:5      | Reached XP level 8. HP: 53/57 MP: 0/11
  6771 | D:5      | Reached * piety under Cheibriados
  6893 | D:6      | Learned a level 5 spell: Freezing Cloud
  7184 | D:5      | Reached skill level 10 in Conjurations
  7298 | D:5      | Reached skill level 1 in Fighting
  7989 | D:6      | Reached skill level 1 in Ice Magic
  8167 | D:6      | Reached ** piety under Cheibriados
  8577 | D:6      | Found a hide-covered altar of Uskayaw.
  8763 | D:6      | Reached skill level 11 in Conjurations
  8808 | D:5      | Reached XP level 9. HP: 11/64 MP: 0/12
  9243 | D:6      | Learned a level 1 spell: Necrotise
  9655 | D:7      | Found a stormy altar of Qazlal.
  9786 | D:7      | Reached skill level 12 in Conjurations
  9919 | D:7      | Reached *** piety under Cheibriados
  9989 | D:7      | Noticed a manticore
 10004 | D:7      | HP: 2/67 [manticore (4)]
 10004 | D:7      | Slain by a manticore

Illustrated notes

Levels and vault maps discovered:
D:1:      amcnicky_arrival_double_pillar, layout_basic, serial_co_window_serial,
          co_window_paths_b, co_window_paths_b, co_window_paths_a,
          co_window_paths_a, co_window_paths_a, co_window_broadway_b,
          co_window_2corner, co_window_broadway_b, co_window_paths_d,
          glass_columns_a, glass_columns_b
D:2:      layout_basic, shapermc_ecumenical_altar_mp_vishouse,
          minmay_hexomino_r4, uniq_natasha
D:3:      layout_basic
D:4:      layout_cave_pools, temple_hall, mainiacjoe_ossuary_entry_find_the_door
D:5:      layout_cave_pools
D:6:      layout_rooms, nicolae_uskayaw_murder_on_the_dancefloor, serial_glass,
          glass_columns_b, glass_columns_b, hangedman_abyss_or_decor_passed,
          minivault_27, kennysheep_windowed_goal
D:7:      layout_rooms, grunt_qazlal_sundering, serial_shops,
          nicolae_shop_drivethru
Temple:   nicolae_temple_superstar

Skill      XL: |  1  2  3  4  5  6  7  8  9 |
---------------+----------------------------+-----
Conjurations   | 5 6 7 9 11 12 | 12.1
Air Magic      | 1 2 3 4 |  4.1
Alchemy        | 1 2 |  2.7
Fighting       | 1 2 |  2.0
Ice Magic      | 1 2 |  2.1
Dodging        | |  1.7
Stealth        | |  1.7
Spellcasting   | |  2.3
Necromancy     | |  0.9

Action                     |  1- 3 |  4- 6 |  7- 9 || total
---------------------------+-------+-------+-------++-------
  Melee: Club              |    11 |    59 |   116 ||   186
         Tailslap          |     1 |    18 |    16 ||    35
         Punch             |       |       |     4 ||     4
         Short sword       |       |       |    32 ||    32
   Cast: Magic Dart        |    49 |   186 |   316 ||   551
         Mephitic Cloud    |       |     1 |    11 ||    12
         Mercury Vapours   |       |       |     7 ||     7
         Necrotise         |       |       |     2 ||     2
         Freezing Cloud    |       |       |     1 ||     1
Ability: Breathe Steam     |       |       |     1 ||     1
  Evoke: Wand              |       |       |     4 ||     4
    Use: Potion            |     1 |     1 |    14 ||    16
         Scroll            |       |    11 |     9 ||    20
   Stab: Confused          |       |       |     5 ||     5
 Armour: Skin              |    13 |    69 |   269 ||   351
  Dodge: Dodged            |    16 |    78 |   200 ||   294
